 Dungeon Crawl Stone Soup version 0.22-a0-533-g4d20840 (webtiles) character file.

70 Amnesiac the Ducker (level 4, -2/23 HPs)
             Began as a Spriggan Berserker on June 22, 2018.
             Was a Believer of Trog.
             Slain by a gnoll
             ... wielding a +0 whip
              (4 damage)
             ... on level 2 of the Dungeon.
             The game lasted 00:01:27 (1223 turns).

Amnesiac the Ducker (Spriggan Berserker)            Turns: 1223, Time: 00:01:28

Health: -2/23      AC:  2    Str: 14    XL:     4   Next: 3%
Magic:  5/5        EV: 20    Int:  8    God:    Trog [**....]
Gold:   97         SH:  0    Dex: 15    Spells: 3/3 levels left

rFire    . . .     SeeInvis +   a - +0 short sword
rCold    . . .     Gourm    .   (shield restricted)
rNeg     . . .     Faith    .   b - +0 animal skin
rPois    .         Spirit   .   (helmet restricted)
rElec    .         Reflect  .   (no cloak)
rCorr    .         Harm     .   (gloves unavailable)
MR       .....                  (boots unavailable)
Stlth    +.........             (no amulet)
HPRegen  0.07/turn              (no ring)
MPRegen  0.09/turn              (no ring)

@: very quick
A: very small, unfitting armour, see invisible, herbivore, speed 3, slow
metabolism 2
a: Berserk, Trog's Hand, Renounce Religion


You were on level 2 of the Dungeon.
You worshipped Trog.
Trog was pleased with you.
You were not hungry.

You visited 1 branch of the dungeon, and saw 2 of its levels.

You collected 97 gold pieces.

Inventory:

Hand Weapons
 a - a +0 short sword (weapon)
Armour
 b - a +0 animal skin (worn)
Jewellery
 g - an uncursed ring of protection from fire {unknown}
 p - an uncursed amulet of rage {unknown}
 r - an uncursed ring of protection from fire {unknown}
Scrolls
 d - a scroll of fog {!r, unknown}
 e - a scroll of remove curse {!r, unknown}
 h - 3 scrolls of identify {!r, unknown}
 j - a scroll of noise {!r, unknown}
 m - a scroll of amnesia {!r, unknown}
 o - a scroll of enchant weapon {!r, unknown}
 q - 2 scrolls of enchant armour {!r, unknown}
Potions
 f - 2 potions of haste {!q, unknown}
 i - a potion of lignification {!q, unknown}
 k - a potion of ambrosia {!q, unknown}
 l - a potion of resistance {!q, unknown}
 n - a potion of curing {!q, unknown}
 s - a potion of mutation {!q, unknown}
Comestibles
 c - 3 rations


   Skills:
 + Level 2.9 Fighting
 * Level 4.5 Short Blades
 + Level 5.2 Dodging


You had 3 spell levels left.
You didn't know any spells.
Your spell library was empty.

Dungeon Overview and Level Annotations

Branches:
Dungeon (2/15)

Altars:
Elyvilon


Innate Abilities, Weirdness & Mutations

You are very small and have problems with some larger weapons.
You are too small for most types of armour.
You have supernaturally acute eyesight. (SInv)
You are a herbivore.
You cover ground extremely quickly.
You need to consume almost no food.


Message History

A bat is nearby!
The bat misses you.
A bat is nearby!
The bat hits you but does no damage. The bat hits you but does no damage.
Found a ring mail.
The bat barely misses you.
You hit the bat.
You kill the bat!
Trog accepts your kill.
No target in view!
You see here a ring mail.
You open the door. 3 gnolls come into view.
The gnoll shouts!
The gnoll shouts! x2
There is an open door here.
There are monsters nearby!
There are monsters nearby!
You hit the gnoll.
The gnoll is moderately wounded.
The gnoll misses you. The gnoll closely misses you.
There is an open door here.
You see here a ring mail.
You swing at nothing.
You hit the gnoll.
The gnoll is severely wounded.
The gnoll hits you with a whip.
You hit the gnoll.
The gnoll is severely wounded.
The gnoll misses you.
You hit the gnoll.
You kill the gnoll!
Trog accepts your kill.
You hit the gnoll.
The gnoll is moderately wounded.
You hit the gnoll but do no damage. You hit the gnoll.
The gnoll is moderately wounded.
The gnoll misses you.
You hit the gnoll.
The gnoll is severely wounded.
The gnoll hits you with an enchanted whip!
Ouch! That really hurt!
* * * LOW HITPOINT WARNING * * *
You hit the gnoll.
You kill the gnoll!
Trog accepts your kill.
You have reached level 4!
You swing at nothing.
You closely miss the gnoll.
The gnoll is moderately wounded.
The gnoll misses you.
You hit the gnoll.
The gnoll is severely wounded.
The gnoll closely misses you.
You hit the gnoll.
The gnoll is almost dead.
The gnoll hits you with a whip!
* * * LOW HITPOINT WARNING * * *
You hit the gnoll but do no damage.
The gnoll is almost dead.
The gnoll hits you with a whip.
You die...

.#≈..♣..≈###.........#
#
...........+.........+
.
...♣._.♣...#.........#
# #.....r...#
#.......# ##≈..♣..≈##
#.....# #≈≈...≈≈#
#...# ###...#### ##)##
##.###.# #g# #.....#
#@# #####.# ##.##
#.#####...##
#..........#
#####.#...## #.##.##
#...... ########


You could see a gnoll.

Vanquished Creatures
  An adder (D:2)
  2 gnolls (D:2)
  An ooze (D:1)
  A dart slug (D:2)
  A leopard gecko (D:1)
  5 bats
  A giant cockroach (D:1)
  6 goblins
  4 hobgoblins (D:1)
  2 kobolds (D:1)
  4 frilled lizards (D:1)
  6 rats (D:1)
34 creatures vanquished.

Notes
Turn   | Place    | Note
-------+----------+-------------------------------------------
     0 | D:1      | Amnesiac the Spriggan Berserker began the quest for the Orb.
     0 | D:1      | Reached XP level 1. HP: 11/11 MP: 2/2
   190 | D:1      | Reached XP level 2. HP: 16/16 MP: 3/3
   837 | D:1      | Reached XP level 3. HP: 19/19 MP: 4/4
  1152 | D:2      | Reached ** piety under Trog
  1152 | D:2      | Reached skill level 5 in Dodging
  1179 | D:2      | Found a white marble altar of Elyvilon.
  1217 | D:2      | Reached XP level 4. HP: 8/23 MP: 5/5
  1223 | D:2      | Slain by a gnoll

Vault maps used:
D:1:      elethiomel_arrival_maze, serial_bayou_lake_a
D:2:      elyvilon_altar_4, chequers_temple_overflow_minitemple, first_ration

Skill      XL: |  1  2  3 |
---------------+----------+-----
Short Blades   | 4 |  4.5
Dodging        | 5 |  5.2
Fighting       | |  2.9

Action                   |  1- 3 |  4- 6 || total
-------------------------+-------+-------++-------
Melee: Short sword       |   105 |     4 ||   109
 Stab: Sleeping          |     1 |       ||     1
Armor: Animal skin       |    11 |       ||    11
Dodge: Dodged            |    73 |     2 ||    75

Table legend:
 A = Spawn XP
 B = Non-spawn XP
 C = Spawn XP percentage of total XP
 D = Spawn monster count
 E = Non-spawn monster count
 F = Spawn count percentage of total count
 G = Total turns spent on level
                    A         B        C        D         E        F      G
               +---------+---------+-------+---------+---------+-------+---------
         Total |       0 |     100 |   0.0 |       0 |      34 |   0.0 |  1223
               +---------+---------+-------+---------+---------+-------+---------
           D:1 |       0 |      43 |   0.0 |       0 |      24 |   0.0 |   929
           D:2 |       0 |      57 |   0.0 |       0 |      10 |   0.0 |   294
               +---------+---------+-------+---------+---------+-------+---------
